AoeStats
← ABK

Hideout

509256293Analyzed
1v1 RM · 7d ago on Sep 26, 2026· 44m 46s· 2 players
Game mode
Random Map
Map size
Tiny (2 player)
Population
200
Speed
Normal
Resources
Standard
Victory
Conquest
Starting age
Dark Age
Ending age
Imperial Age
RankedLock teamsTeams togetherTeam positionsShared explorationLock speedFull tech treeHidden civsTurbo modeCheats
Victory
Defeat
🇷🇺 Cumans · Russia
770
+16
🇧🇷 Slavs · Brazil
766
-16
ABK
11:09 Feudal Age
10:44 Loom
12:06 Double-Bit Axe
13:49 Horse Collar
17:03 Wheelbarrow
17:53 Town Watch
21:50 Castle Age
23:37 Fletching
24:12 Scale Mail Armor
24:23 Forging
24:17 Squires
23:37 Man-at-Arms
25:51 Long Swordsman
26:53 Chain Mail Armor
28:13 Stone Mining
28:14 Gold Mining
29:04 Iron Casting
28:25 Bodkin Arrow
31:54 Hand Cart
31:43 Town Patrol
31:36 Pikeman
38:22 Imperial Age
38:30 Two-Handed Swordsman
38:52 Heavy Scorpion
F⇄LUCK
0:36 Loom
12:41 Feudal Age
15:06 Fletching
15:30 Town Watch
19:57 Padded Archer Armor
21:34 Horse Collar
26:37 Castle Age
25:35 Wheelbarrow
27:36 Hand Cart
27:08 Double-Bit Axe
27:37 Bodkin Arrow
27:59 Leather Archer Armor
27:52 Scale Barding Armor
27:21 Light Cavalry
28:12 Bloodlines
28:56 Bloodlines
30:16 Ballistics
29:53 Murder Holes
30:27 Thumb Ring
36:04 Imperial Age
34:16 Chain Barding Armor
35:02 Elite Skirmisher
37:13 Conscription
38:02 Parthian Tactics
38:37 Ring Archer Armor
39:35 Chemistry
41:33 Masonry
41:30 Hussar
44:08 Forging
Connection lost

Rejoining the realm…

Still unreachable

The connection could not be restored.

Session expired

The server has moved on; the page needs a fresh start.